 Dungeon Crawl Stone Soup version 0.19.1 (webtiles) character file.

14 M4edhros the Grave Robber (level 2, -5/18 HPs)
             Began as an Octopode Necromancer on Dec 26, 2016.
             Slain by Sigmund
             ... wielding a +0 scythe
              (12 damage)
             ... on level 2 of the Dungeon.
             The game lasted 00:02:08 (334 turns).

M4edhros the Grave Robber (Octopode Necromancer)     Turns: 334, Time: 00:02:09

Health: -5/18      AC:  3    Str:  5 (7)  XL:     2   Next: 41%
Magic:  5/5        EV: 13    Int: 14 (17) God:
Gold:   38         SH:  0    Dex: 11 (12) Spells: 2 memorised, 3 levels left

rFire  . . .     SeeInvis .       - Unarmed
rCold  . . .     Gourm    .     (no shield)
rNeg   . . .     Faith    .     (helmet restricted)
rPois  .         Spirit   .     (no amulet)
rElec  .         Reflect  .     (no ring)
rCorr  .         Harm     .     (no ring)
MR     .....                    (no ring)
Stlth  ++........               (no ring)
                                (no ring)
                                (no ring)
                                (no ring)
                                (no ring)

@: confused, very slightly contaminated, hasted, very quick
A: almost no armour, stealthy swim, amphibious, 8 rings, constrict 8, tentacle
spike 1, molten scales 1, camouflage 1, robust 1, gelatinous body 1
a: no special abilities


You were on level 2 of the Dungeon.
You were not hungry.

You visited 1 branch of the dungeon, and saw 2 of its levels.

You collected 38 gold pieces.

Inventory:

Missiles
 c - 3 tomahawks (quivered)
Scrolls
 g - a scroll of fog {unknown}
 h - a scroll of enchant armour {unknown}
 i - a scroll of remove curse {unknown}
 j - a scroll of identify {unknown}
 k - a scroll of amnesia {unknown}
 m - a scroll of enchant weapon {unknown}
 o - a scroll of blinking {unknown}
Potions
 e - a potion of haste
Books
 a - a book of Necromancy

   Spells                             Type                      Level
   a - Pain                           Necromancy                   1
   b - Animate Skeleton               Necromancy                   1
   c - Vampiric Draining              Necromancy                   3
   d - Regeneration                   Charms/Necromancy            3
   e - Animate Dead                   Necromancy                   4
   f - Control Undead                 Necromancy                   4
Comestibles
 b - a bread ration


   Skills:
 - Level 2.0 Dodging
 - Level 2.6 Stealth
 + Level 2.0 Unarmed Combat
 - Level 2.0 Spellcasting
 - Level 4.0 Necromancy


You had 3 spell levels left.
You knew the following spells:

 Your Spells              Type           Power        Failure   Level  Hunger
a - Pain                  Necr           ##..         4%          1    ##.....
b - Animate Skeleton      Necr           N/A          4%          1    ##.....


Dungeon Overview and Level Annotations

Branches:
Dungeon (2/15)

Altars:

Annotations:
D:2 Sigmund


Innate Abilities, Weirdness & Mutations

You cannot wear most types of armour.
You are very stealthy in the water. (Stealth+)
You are amphibious.
You can wear up to eight rings at the same time.
You can use your tentacles to constrict eight enemies at once.
Your skin changes colour to match your surroundings (Stealth+).
Your rubbery body absorbs attacks. (AC +1, EV +1)
One of your tentacles bears a spike.
You are partially covered in molten scales. (AC +2)
You are robust. (+10% HP)


Message History

Sigmund is moderately wounded.
You constrict Sigmund, but do no damage.
You barely miss Sigmund.
You pierce Sigmund, but do no damage.
Sigmund is moderately wounded.
You constrict Sigmund, but do no damage.
Sigmund casts a spell at you.
You are confused.
You release your grip on Sigmund.
You miss Sigmund.
Your tentacle spike misses Sigmund.
Sigmund is moderately wounded.
Sigmund points at you and mumbles some strange words.
The puff of flame misses you.
You're too confused to move!
You miss Sigmund.
Sigmund is moderately wounded.
Sigmund hits you with a scythe.
You bump into the rock wall.
You bump into the rock wall.
Sigmund hits you with a scythe!
Ouch! That really hurt!
You die...

##### # # ...# #
#.# #.#### ..
#....# #.# ###
#.###..... #..
..# #.....#...
#.. ...
####.##...
#.(####.# #.#####
#...@@#.#######.#
##.##.#.#.....#.#
#.##.#.#.....#.#
#..............#
#.##.##......###
#. #.##......# #.
..##.######
#.#####.# #. #.#


You could see Sigmund.

Vanquished Creatures
  A dart slug (D:1)
  A leopard gecko (D:1)
  2 giant cockroaches (D:1)
  2 hobgoblins (D:1)
  A bat (D:1)
  A frilled lizard (D:1)
  A kobold (D:1)
  2 rats (D:1)
11 creatures vanquished.

Notes
Turn   | Place    | Note
-------+----------+-------------------------------------------
     0 | D:1      | M4edhros the Octopode Necromancer began the quest for the Orb.
     0 | D:1      | Reached XP level 1. HP: 11/11 MP: 3/3
    62 | D:1      | Reached skill level 1 in Unarmed Combat
    86 | D:1      | Learned a level 1 spell: Animate Skeleton
   153 | D:1      | Reached XP level 2. HP: 5/17 MP: 3/5
   303 | D:2      | Noticed Sigmund
   308 | D:2      | Gained mutation: One of your tentacles bears a spike. [potion of mutation]
   308 | D:2      | Gained mutation: You are robust. (+10% HP) [potion of mutation]
   308 | D:2      | Gained mutation: You are partially covered in molten scales. (AC +2) [potion of mutation]
   334 | D:2      | Slain by Sigmund

Skill      XL: |  1  2 |
---------------+-------+-----
Unarmed Combat | 1 2 |  2.0
Dodging        | |  2.0
Stealth        | |  2.6
Spellcasting   | |  2.0
Necromancy     | |  4.0

Action                   || total
-------------------------++-------
Melee: Unarmed           ||     9
       Kick              ||     4
       Constrict         ||     1
 Cast: Pain              ||    19
       Animate Skeleton  ||     1
  Use: Potion            ||     4
 Stab: Sleeping          ||     1
Dodge: Dodged            ||     6
